Unix NetHack Version 5.0.0-0 post-release - last build May 23 2026 06:08:33 (1c0ff79ee797540d5714e4e18072db0edd9e58ae,branch:main).

Game began 2026-05-24 05:32:38, ended 2026-05-24 06:06:42.

ArrBianca, lawful female human Valkyrie

                        --------------
                        |............|
                        |.............#  ##################################
                        |............|######                       -------.---
                        ------.-*-----#    #                       |.........|
                              # [                                  |.........|
                                %                                  |.........|
  -------                       %                                 #..........|
  |.....                       ##                                 #|.........|
  |.....|                    ###                               ####-----------
  |.....-#########    ####%###                                 #
  |....<|        #  --.------------                            #
  -------        #  |.............|                         ####
                 ###..............|                         #
                    |>............|                  -.-----#
                    ---------------                  |.%.s.|#
                                                     |....*s#
                                                     |[....|
                                                     -------

ArrBianca the Fighter       St:18/02 Dx:12 Co:18 In:9 Wi:9 Ch:10  Lawful
Dlvl:10 $:2693 HP:0(81) Pw:22(22) AC:6  Xp:8 T:3709 

Latest messages:
 You kill the killer bee!
 You hit the giant spider!
 The giant spider bites!
 You hit the giant spider!
 The giant spider bites!
 The giant spider's bite was poisoned!
 The poison doesn't seem to affect you.
 You hit the giant spider!
 You hit the giant spider!
 The giant spider bites!
 You kill the giant spider!
 You hit the giant spider!
 The giant spider bites!
 You hit the giant spider!
 The giant spider bites!
 You hit the giant spider!
 You hit the giant spider!
 The giant spider just misses!
 The giant spider bites!
 You hit the giant spider!
 The giant spider bites!
 The giant spider bites!
 The giant spider bites!
 You miss the giant spider.
 The giant spider bites!
 The giant spider bites!
 You hit the giant spider!
 You hit the giant spider!
 The giant spider bites!
 You hit the giant spider!
 What do you want to zap? [sV or ?*] ?
 What do you want to zap? [sV or ?*] <space>
 Never mind.
 In what direction? h
 The dart hits the giant spider.
 The giant spider bites!
 You kill the giant spider!
 In what direction? h
 The dart misses the giant spider.
 The giant spider bites!
 You hit the giant spider!
 You hit the giant spider!
 The giant spider bites!
 Are you sure you want to pray? [yn] (n) y
 You begin praying to Tyr.
 The giant spider bites!
 The giant spider bites!
 The giant spider bites!
 You die...
 Do you want your possessions identified? [ynq] (y) q

Inventory:
 Coins    ('$')
  $ - 2693 gold pieces
 Weapons  (')')
  f - 7 +0 darts (at the ready)
  w - a cursed thoroughly rusty +0 orcish dagger (weapon in right hand)
  a - a rusty +1 spear (alternate weapon; not wielded)
 Armor    ('[')
  j - an uncursed thoroughly rusty +0 orcish helm (being worn)
  c - an uncursed +3 small shield (being worn)
  C - an uncursed +0 Hawaiian shirt with a bird of paradise motif
  o - an uncursed thoroughly rusty +2 orcish chain mail
 Comestibles  ('%')
  d - 2 uncursed food rations
  S - 2 uncursed fortune cookies
  q - a cursed fortune cookie
  u - 2 uncursed lembas wafers
  y - 3 uncursed tripe rations
  v - an uncursed egg
  A - an uncursed lichen corpse
  h - 3 cursed lichen corpses
  t - an uncursed small glob of gray ooze
 Scrolls  ('?')
  M - an uncursed scroll of amnesia
  e - a cursed scroll of amnesia
  g - an uncursed scroll of magic mapping
  B - an uncursed scroll of teleportation
 Spellbooks  ('+')
  k - an uncursed spellbook of confuse monster
  x - an uncursed spellbook of detect treasure
  I - an uncursed spellbook of haste self
 Potions  ('!')
  F - an uncursed potion of confusion
  N - an uncursed potion of paralysis
  i - a cursed potion of speed
 Rings    ('=')
  H - an uncursed +4 ring of gain strength
  p - an uncursed ring of invisibility (on right hand)
  m - an uncursed ring of protection from shape changers
 Wands    ('/')
  V - a cursed wand of create monster (0:10)
  s - a wand of make invisible (0:7)
 Tools    ('(')
  n - a cursed pair of lenses (being worn)
 Gems/Stones  ('*')
  P - an uncursed worthless piece of yellow glass

ArrBianca the Valkyrie's attributes:

Background:
 You were a Fighter, a level 8 human Valkyrie.
 You were lawful, on a mission for Tyr
 who was opposed by Odin (neutral) and Loki (chaotic).
 You were right-handed.
 You were in the Dungeons of Doom, on level 10.
 You entered the dungeon 3709 turns ago.
 You had 1798 experience points, 762 more were needed to attain level 9.

Basics:
 You had 0 out of 81 hit points.
 You had all 22 energy points (spell power).
 Your armor class was 6.
 Your wallet contained 2693 zorkmids.
 Autopickup was on for '$?!/="+%' plus thrown, with exceptions.

Final Characteristics:
 Your strength was 18/02 (limit:18/100).
 Your dexterity was 12 (limit:18).
 Your constitution was 18 (limit:18).
 Your intelligence was 9 (limit:18).
 Your wisdom was 9 (limit:18).
 Your charisma was 10 (limit:18).

Final Status:
 You weren't hungry.
 You were unencumbered.
 You were wielding a dagger.
 You were skilled in dagger.

Final Attributes:
 You were piously aligned.
 You were cold resistant.
 You were poison resistant.
 You were invisible.
 You were stealthy.
 You were fast.
 You are dead.

Miscellaneous:
 You didn't encounter any bones levels.
 Total elapsed playing time was 34 minutes and 4 seconds.

Major events:
 Turn
    1: ArrBianca the lawful human Valkyrie entered the dungeon
  895: attained the rank of Skirmisher (level 3)
 1615: attained the rank of Fighter (level 6)
 3709: killed by a giant spider, while praying

Spells:
 Name                 Level Category     Fail Retention
 confuse monster        1   enchantment   87%  76%-100%
 detect treasure        4   divination   100%  76%-100%

Skills:
 Fighting Skills
   bare handed combat [Unskilled]
   two weapon combat  [Unskilled]
   riding             [Unskilled]
 Weapon Skills
   dagger             [Skilled]
   axe                [Unskilled]
   pick-axe           [Unskilled]
   short sword        [Unskilled]
   broadsword         [Unskilled]
   long sword         [Unskilled]
   two-handed sword   [Unskilled]
   saber              [Unskilled]
   hammer             [Unskilled]
   quarterstaff       [Unskilled]
   polearms           [Unskilled]
   spear              [Basic]
   trident            [Unskilled]
   lance              [Unskilled]
   sling              [Unskilled]
 Spellcasting Skills
   attack spells      [Unskilled]
   escape spells      [Unskilled]

Voluntary challenges:
 Character rerolling was not enabled.
 You never had a pet.
 You never genocided any monsters.
 You never polymorphed an object.
 You never changed form.
 You used no wishes.
Achievements:
 You entered a shop.
 You attained the rank of Skirmisher.
 You attained the rank of Fighter.

 The Dungeons of Doom: levels 1 to 10
    Level 1:
       A fountain.
    Level 2:
    Level 3:
       A food shop, a sink.
    Level 4:
    Level 5:
       A fountain.
    Level 6:
       Many fountains.
    Level 7:
       A fountain.
    Level 8:
       A fountain.
    Level 9:
       Some fountains.
    Level 10: <- You were here.
       Final resting place for
          you, killed by a giant spider, while praying.


Vanquished creatures:
 an ettin mummy
  2 tigers
  a python
  a leather golem
  4 winter wolf cubs
  a gremlin
  a leprechaun
 an orc-captain
  2 giant spiders
  a horse
 an ice vortex
  a gnome ruler
  2 orc mummies
  3 brown puddings
  a rust monster
  a lizard
  2 dust vortices
  a snake
 an ape
  9 bugbears
  a Mordor orc
 an orc shaman
  a rock piercer
  a yellow light
  a shrieker
  a violet fungus
  a gnome leader
  a golden naga hatchling
  a gray ooze
 an elf zombie
  4 giant ants
  a kobold shaman
  a hill orc
  a giant bat
  a dwarf zombie
  2 werejackals
  2 iguanas
  a killer bee
 an acid blob
  a coyote
  a hobbit
  6 manes
  3 large kobolds
  8 hobgoblins
  3 giant rats
  a yellow mold
  5 gnomes
  3 geckos
 12 jackals
  2 foxes
  a kobold
  6 goblins
  3 sewer rats
  a grid bug
  5 lichens
  9 newts
131 creatures vanquished.

No species were genocided or became extinct.

Game over:
                       ----------
                      /          \
                     /    REST    \
                    /      IN      \
                   /     PEACE      \
                  /                  \
                  |    ArrBianca     |
                  |     2693 Au      |
                  |   killed by a    |
                  |   giant spider   |
                  |                  |
                  |                  |
                  |       2026       |
                 *|     *  *  *      | *
        _________)/\\_//(\/(/\)/\//\/|_)_______

Farvel ArrBianca the Valkyrie...

You died in The Dungeons of Doom on dungeon level 10 with 10166 points,
and 2693 pieces of gold, after 3709 moves.
You were level 8 with a maximum of 81 hit points when you died.

